 Dungeon Crawl Stone Soup version bcrawl-1.27.3 (webtiles) character file.

Game seed: 6062506126667307839

148196 MisterOstroum the Poker (level 6, -1/47 HPs)
             Began as a Merfolk Fire Elementalist on Sept 6, 2020.
             Was an Initiate of Okawaru.
             Slain by an ogre
             ... wielding a +0 giant club
              (11 damage)
             ... on level 4 of the Dungeon.
             The game lasted 00:08:41 (3272 turns).

MisterOstroum the Poker (Merfolk Fire Elementalist) Turns: 3272, Time: 00:08:42

Health: -1/47      AC: 11    Str: 13    XL:     6   Next: 12%
Magic:  9/9        EV:  3    Int: 16    God:    Okawaru [......]
Gold:   173        SH:  0    Dex: 14    Spells: 5/9 levels left

rFire    . . .     SeeInvis .   r - +0 spear
rCold    . . .     Gourm    .   (no shield)
rNeg     . . .     Faith    .   p - +0 plate armour
rPois    .         Spirit   .   (no helmet)
rElec    .         Reflect  .   (no cloak)
rCorr    .         Harm     .   (no gloves)
MR       .....                  m - +0 pair of boots
Stlth    ..........             k - amulet of regeneration
HPRegen  0.42/turn              g - +4 ring of strength
MPRegen  0.11/turn              (no ring)

@: no status effects
A: change form in water, swift swim, stealthy swim
a: Renounce Religion


You were on level 4 of the Dungeon.
You worshipped Okawaru.
Okawaru was noncommittal.
You were not hungry.

You visited 1 branch of the dungeon, and saw 4 of its levels.

You collected 173 gold pieces.

Inventory:

Hand Weapons
 a - a +0 dagger
 h - a +0 short sword
 r - a +0 spear (weapon)
Missiles
 c - 327 stones (quivered)
 q - 472 arrows
 s - 406 bolts
Armour
 m - a +0 pair of boots (worn)
 o - a +0 robe
 p - a +0 plate armour (worn)
Jewellery
 g - a +4 ring of strength (left hand)
 k - an amulet of regeneration (around neck)
 A - an uncursed amulet of the gourmand {unknown}
Wands
 f - a wand of clouds (3)
 t - a wand of digging (5)
Scrolls
 d - 3 scrolls of blinking {unknown}
 n - a scroll of amnesia {unknown}
 u - 3 scrolls of fog {unknown}
 x - 2 scrolls of magic mapping {unknown}
 y - 2 scrolls of identify {@r1}
 z - a scroll of enchant weapon {unknown}
 B - a scroll of remove curse {unknown}
Potions
 b - 2 potions of curing {unknown}
 i - 2 potions of flight
 j - a potion of heal wounds {@q2 !q}
 l - 2 potions of haste {unknown}
 v - 2 potions of mutation {unknown}
 w - a potion of might {unknown}
Comestibles
 e - 7 rations {!d}
 C - a chunk of flesh


   Skills:
 + Level 3.1 Fighting
 * Level 4.5 Polearms
 - Level 2.6 Dodging
 - Level 2.4 Stealth
 - Level 2.3 Spellcasting
 - Level 2.1 Conjurations
 - Level 2.6 Fire Magic


You had 5 spell levels left.
You knew the following spells:

 Your Spells              Type           Power        Failure   Level  Hunger
a - Flame Tongue          Conj/Fire      #....        100%        1    None
b - Conjure Flame         Conj/Fire      #.......     100%        3    ####...

Your spell library contained the following spells:

 Spells                   Type           Power        Failure   Level  Hunger
 Flaming Arrows           Chrm/Fire      #.......     100%        2    ##.....
 Inner Flame              Hex/Fire       N/A          100%        3    ####...
 Sticky Flame             Conj/Fire      #.......     100%        4    ######.
 Fireball                 Conj/Fire      #.........   100%        5    #######


Dungeon Overview and Level Annotations

Branches:
Dungeon (4/12)
 Temple: D:4-7

Altars:
Kikubaaqudgha
Okawaru


Message History

Your base attributes are Str 8, Int 16, Dex 14.
Increase (S)trength, (I)ntelligence, or (D)exterity?
You feel stronger.
You butcher the orc corpse.
A - 2 chunks of flesh
Things that are here:
a +0 short sword; an orc skeleton HP restored.
Things that are here:
a +0 short sword; an orc skeleton Eating one of 2 chunks of flesh.
You eat one of the 2 chunks of flesh.
This raw flesh tastes terrible.
Found a stone staircase leading down.
B - a scroll labeled YSMOIKLEACA An adder comes into view.
You closely miss the adder. The adder barely misses you.
You hit the adder.
The adder is lightly wounded.
The adder bites you.
You closely miss the adder.
The adder is lightly wounded.
The adder bites you but does no damage.
You miss the adder.
The adder is lightly wounded.
The adder bites you but does no damage.
You hit the adder.
The adder is moderately wounded.
The adder bites you but does no damage.
You completely miss the adder.
The adder is moderately wounded.
The adder bites you but does no damage. x2
You hit the adder.
The adder is severely wounded.
The adder completely misses you.
You completely miss the adder.
The adder is severely wounded.
The adder bites you but does no damage.
You are feeling hungry.
You hit the adder.
The adder is severely wounded.
The adder bites you but does no damage.
You hit the adder.
You kill the adder!
Okawaru accepts your kill.
No target in view!
No target in view!
Eating a chunk of flesh.
You eat the chunk of flesh.
This raw flesh tastes terrible.
A - a dented bone amulet You butcher the adder corpse.
C - a chunk of flesh You see here an adder skeleton. x2
i - 2 potions of flight (gained 1)
You see here a spear.
You now have 173 gold pieces (gained 27).
You open the door.
There is an open door here.
An ogre comes into view. It is wielding a +0 giant club.
The ogre shouts!
Attack whom?
Press: ? - help, Dir - move target cursor, f - ogre
Aim: an ogre, wielding a +0 giant club You reach to attack!
You closely miss the ogre. You hit the ogre.
The ogre is moderately wounded.
The ogre hits you with a +0 giant club!
You hit the ogre but do no damage.
The ogre is moderately wounded.
You hit the ogre but do no damage.
The ogre is moderately wounded.
The ogre hits you with a +0 giant club.
You hit the ogre.
The ogre is moderately wounded.
The ogre hits you with a +0 giant club.
You hit the ogre.
The ogre is moderately wounded.
You hit the ogre.
The ogre is moderately wounded.
The ogre hits you but does no damage.
You hit the ogre.
The ogre is heavily wounded.
The ogre hits you with a +0 giant club.
You are too injured to fight recklessly!
You are too injured to fight recklessly!
You are too injured to fight recklessly!
You are too injured to fight recklessly!
You are too injured to fight recklessly!
You are too injured to fight recklessly!
You are too injured to fight recklessly!
You are too injured to fight recklessly!
You hit the ogre but do no damage.
The ogre is heavily wounded.
Your plate armour prevents you from hitting the ogre.
The ogre is heavily wounded.
The ogre hits you with a +0 giant club!!
* * * LOW HITPOINT WARNING * * *
You hit the ogre.
The ogre is heavily wounded.
The ogre hits you with a +0 giant club!
You die...

.)..# .#### .# .# ###
.#######.# ..##.....###
...........####
...#.#.#)#....########.##
.....>........'.@O$....[.
.#.#..........###?......#
.........#...## #........
.........................
##.........#+####........
#............# ######...
####..#.......# ...
....รท...#.....# ..
........#######


You could see an ogre.

Vanquished Creatures
  A hound (D:3)
  A centaur skeleton (D:4)
  Terence (D:3)
  A worker ant (D:2)
  2 gnolls (D:2)
  4 adders
  2 oozes (D:2)
  3 worms
  2 dart slugs
  2 leopard geckos (D:2)
  An orc (D:4)
  A ball python (D:2)
  6 bats
  3 bat zombies (D:2)
  4 giant cockroaches
  4 goblins
  7 hobgoblins
  9 kobolds
  3 quokkas (D:2)
  3 frilled lizards
  3 rats (D:2)
  2 rat zombies (D:2)
65 creatures vanquished.

Notes
Turn   | Place    | Note
-------+----------+-------------------------------------------
     0 | D:1      | MisterOstroum the Merfolk Fire Elementalist began the quest
                  | for the Orb.
     0 | D:1      | Reached XP level 1. HP: 13/13 MP: 3/3
    96 | D:1      | Reached skill level 1 in Fighting
   321 | D:1      | Reached skill level 1 in Conjurations
   321 | D:1      | Reached XP level 2. HP: 21/21 MP: 3/5
   843 | D:1      | Reached XP level 3. HP: 22/26 MP: 0/6
   871 | D:1      | Learned a level 3 spell: Conjure Flame
  1209 | D:2      | HP: 1/27 [leopard gecko (4)]
  1314 | D:2      | Reached XP level 4. HP: 33/33 MP: 3/7
  1331 | D:2      | Reached skill level 1 in Polearms
  1779 | D:2      | Reached skill level 2 in Polearms
  1974 | D:2      | Found an ancient bone altar of Kikubaaqudgha.
  2051 | D:2      | Reached XP level 5. HP: 35/39 MP: 2/8
  2192 | D:3      | Reached skill level 3 in Polearms
  2751 | D:3      | Noticed Terence
  2784 | D:3      | Killed Terence
  2913 | D:3      | Found an iron altar of Okawaru.
  2935 | D:3      | Became a worshipper of Warmaster Okawaru
  3082 | D:3      | Reached skill level 4 in Polearms
  3202 | D:4      | Reached XP level 6. HP: 46/47 MP: 9/9
  3272 | D:4      | Slain by an ogre

Skill      XL: |  1  2  3  4  5 |
---------------+----------------+-----
Fighting       | 1 2 3 |  3.1
Conjurations   | 1 2 |  2.1
Polearms       | 2 4 |  4.5
Dodging        | |  2.6
Stealth        | |  2.4
Spellcasting   | |  2.3
Fire Magic     | |  2.6

Action                   |  1- 3 |  4- 6 || total
-------------------------+-------+-------++-------
Melee: Unarmed           |     1 |       ||     1
       Dagger            |    19 |       ||    19
       Short sword       |     6 |       ||     6
       Spear             |     1 |   151 ||   152
Throw: Stone             |     3 |     3 ||     6
 Cast: Flame Tongue      |    55 |    54 ||   109
       Conjure Flame     |       |     1 ||     1
Evoke: Wand              |       |     1 ||     1
  Use: Scroll            |     3 |     1 ||     4
       Potion            |       |     1 ||     1
  Eat: Chunk             |     4 |    11 ||    15
Armor: Robe              |    12 |    17 ||    29
       Plate armour      |       |    45 ||    45
Dodge: Dodged            |    56 |    68 ||   124
